 Dungeon Crawl Stone Soup version 0.24-a0-235-g3f03afcf10 (webtiles) character file.

Game seed: 11182738152896614122

116 Flugkiller the Chopper (level 5, -8/37 HPs)
             Began as a Halfling Chaos Knight on Apr 8, 2019.
             Was a Plaything of Xom.
             Mangled by a swamp drake (10 damage)
             ... on level 2 of the Dungeon.
             The game lasted 00:02:49 (1789 turns).

Flugkiller the Chopper (Halfling Chaos Knight)      Turns: 1789, Time: 00:02:50

Health: -8/37      AC:  7    Str: 11    XL:     5   Next: 20%
Magic:  5/5        EV: 13    Int: 12    God:    Xom [.....*]
Gold:   103        SH:  0    Dex: 14    Spells: 4/4 levels left

rFire    . . .     SeeInvis .   a - +0 hand axe (chaos)
rCold    . . .     Gourm    .   (shield restricted)
rNeg     . . .     Faith    .   b - +2 leather armour
rPois    .         Spirit   .   (no helmet)
rElec    .         Reflect  .   (no cloak)
rCorr    .         Harm     .   (no gloves)
MR       .....                  (no boots)
Stlth    +.........             (no amulet)
HPRegen  0.12/turn              g - -3 ring of strength (curse)
MPRegen  0.09/turn              h - +4 ring of slaying

@: no status effects
A: small, yellow scales 1, clever 1, mutation resistance 1, sense surroundings
1, MP-powered wands
a: Renounce Religion


You were on level 2 of the Dungeon.
You worshipped Xom.
You were Xom's teddy bear.
You were not hungry.

You visited 1 branch of the dungeon, and saw 2 of its levels.

You collected 103 gold pieces.

Inventory:

Hand Weapons
 a - a +0 hand axe of chaos (weapon)
Armour
 b - a +2 leather armour (worn)
 l - a +0 scale mail
   (You found it on level 2 of the Dungeon)
Jewellery
 g - a cursed -3 ring of strength (left hand)
   (You found it on level 1 of the Dungeon)
 h - a +4 ring of slaying (right hand)
   (You found it on level 2 of the Dungeon)
Scrolls
 i - 2 scrolls of identify {unknown}
 j - a scroll of amnesia {unknown}
 m - a scroll of blinking {unknown}
 n - 2 scrolls of teleportation {unknown}
 o - a scroll of fog {unknown}
Potions
 d - a potion of degeneration {unknown}
 e - 2 potions of invisibility {unknown}
 k - a potion of heal wounds {unknown}
Comestibles
 c - 4 rations


   Skills:
 + Level 4.0 Fighting
 + Level 4.4 Axes
 - Level 2.1 Armour
 - Level 1.1 Dodging


You had 4 spell levels left.
You didn't know any spells.
Your spell library was empty.

Dungeon Overview and Level Annotations

Branches:
Dungeon (2/15)

Altars:
Wu Jian


Innate Abilities, Weirdness & Mutations

You are small and have problems with some larger weapons.
You are somewhat resistant to further mutation.
You are partially covered in yellow scales. (AC +2)
Your mind is acute. (Int +2)
You passively map a small area around you.
You expend magic power (3 MP) to strengthen your wands.


Message History

Beogh smites you!
The swamp drake breathes noxious fumes at you.
The noxious blast engulfs the orc priest but does no damage.
The orc priest is engulfed in noxious fumes.
The orc priest appears confused.
The orc priest is engulfed in noxious fumes.
The orc priest appears confused.
The orc priest is engulfed in noxious fumes.
The orc priest appears confused.
There is an open door here.
There is an open door here.
The swamp drake bites you.
* * * LOW HITPOINT WARNING * * *
The orc priest hits the swamp drake with a +0 dagger!
You hit the orc priest. You freeze the orc priest.
The orc priest is heavily wounded.
You hit the swamp drake.
You feel better.
The swamp drake bites you but does no damage.
Unknown command.
You hit the swamp drake. You burn the swamp drake.
The swamp drake is moderately wounded.
You barely miss the orc priest. The swamp drake barely misses you.
The orc priest closely misses you. The swamp drake bites you.
* * * LOW HITPOINT WARNING * * *
You catch the helpless orc priest completely off-guard!
You slash the orc priest!
The orc priest twitches.
The orc priest is almost dead.
You hit the swamp drake. You freeze the swamp drake.
The orc priest hits you with a +0 dagger.
* * * LOW HITPOINT WARNING * * *
The swamp drake completely misses you.
You catch the helpless orc priest completely off-guard!
You hit the orc priest but do no damage.
Lightning courses through the orc priest!
You kill the orc priest!
Your Fighting skill increases to level 4!
You have reached level 5!
You feel agile.
You hit the swamp drake.
The swamp drake seems to slow down.
The swamp drake is no longer moving slowly.
You hit the swamp drake.
The swamp drake is severely wounded.
The swamp drake barely misses you. The swamp drake bites you!
* * * LOW HITPOINT WARNING * * *
You hit the swamp drake. You burn the swamp drake.
The swamp drake is severely wounded.
You see a puff of smoke. "Serve the mortal, my children!"
The swamp drake bites you!
You die...

#....# #.##.#.# #..).#
#.##.#.#
#############.#####.##...#
............#.....#.###..#
###########.#####.#.###..#
..# #.# #.#.....># #.#
####.# #.######## #+##
#<##.#####'######### ...#
#.##.##3)@.........# ...#
#.##..'5k..........# ...#
#..))##5.5^........# ...#
####.##............# ).##
#.##.......###..#
#########
#.##......##_##.#
........# #.#########,,
### #######.# #.# * ,* , #
#.# #.# *, ,


You could see a swamp drake, a friendly sun demon and 3 friendly iron imps.

Vanquished Creatures
  An orc priest (D:2)
  3 adders (D:2)
  2 worms (D:2)
  A dart slug (D:1)
  A leopard gecko (D:2)
  An orc (D:2)
  A ball python (D:2)
  2 bats (D:1)
  5 giant cockroaches
  5 goblins
  7 hobgoblins
  2 jackals (D:2)
  A quokka (D:2)
  2 frilled lizards (D:2)
  8 kobolds
  6 rats
48 creatures vanquished.

Notes
Turn   | Place    | Note
-------+----------+-------------------------------------------
     0 | D:1      | Flugkiller the Halfling Chaos Knight began the quest for
                  | the Orb.
     0 | D:1      | Reached XP level 1. HP: 15/15 MP: 1/1
   128 | D:1      | XOM: butterfly on damage
   133 | D:1      | XOM: divination: detect items
   163 | D:1      | XOM: divination: detect creatures
   432 | D:1      | XOM: harmless Summ miscast
   435 | D:1      | Reached XP level 2. HP: 18/21 MP: 2/2
   687 | D:1      | XOM: give mutations
   687 | D:1      | Gained mutation: Your mind is acute. (Int +2) [Xom's grace]
   687 | D:1      | Gained mutation: You passively map a small area around you.
                  | [Xom's grace]
   744 | D:1      | XOM: give mutations
   744 | D:1      | Gained mutation: You are partially covered in yellow
                  | scales. (AC +2) [Xom's grace]
   744 | D:1      | Gained mutation: You expend magic power (3 MP) to
                  | strengthen your wands. [Xom's grace]
   745 | D:1      | Reached XP level 3. HP: 26/26 MP: 3/3
   883 | D:1      | XOM: divination: detect items
   936 | D:2      | XOM: cloud trail
  1051 | D:2      | XOM: divination: magic mapping
  1086 | D:2      | XOM: divination: magic mapping
  1094 | D:2      | Reached XP level 4. HP: 22/31 MP: 4/4
  1501 | D:2      | Found an ornate altar of the Wu Jian Council.
  1537 | D:2      | XOM: divination: detect items
  1645 | D:2      | Noticed an orc warrior
  1656 | D:2      | XOM: harmless Conj miscast
  1658 | D:2      | XOM: potion effect (agility)
  1662 | D:2      | XOM: silly message
  1669 | D:2      | XOM: potion effect (heal wounds)
  1675 | D:2      | XOM: potion effect (agility)
  1676 | D:2      | XOM: potion effect (agility)
  1724 | D:2      | XOM: divination: magic mapping
  1730 | D:2      | Noticed a swamp drake
  1730 | D:2      | an orc warrior changed into a swamp drake
  1730 | D:2      | XOM: polymorph orc warrior -> swamp drake
  1787 | D:2      | Reached XP level 5. HP: 9/37 MP: 5/5
  1789 | D:2      | XOM: summons 4 friendly demons
  1789 | D:2      | Mangled by a swamp drake

Levels and vault maps discovered:
D:1:      dpeg_arrival_houses_and_road, layout_loops_ring
D:2:      layout_basic, lemuel_coloured_pillars_altar, marbit_many_paths

Skill      XL: |  1  2  3  4 |
---------------+-------------+-----
Fighting       | 3 4 |  4.0
Axes           | 4 |  4.4
Armour         | |  2.1
Dodging        | |  1.1

Action                   |  1- 3 |  4- 6 || total
-------------------------+-------+-------++-------
Melee: Hand axe          |    69 |    53 ||   122
 Stab: Confused          |     1 |     2 ||     3
  Eat: Chunk             |     1 |     2 ||     3
Armor: Leather armour    |    13 |    14 ||    27
Dodge: Dodged            |    37 |    42 ||    79

Table legend:
 A = Non-vault XP
 B = Vault XP
 C = Vault XP percentage of total XP
 D = Non-vault monster count
 E = Vault monster count
 F = Vault count percentage of total count
                 A         B        C        D         E       F
            +---------+---------+-------+---------+---------+-------
      Total |     165 |       1 |   0.6 |      47 |       1 |   2.1
            +---------+---------+-------+---------+---------+-------
        D:1 |      32 |       0 |   0.0 |      17 |       0 |   0.0
        D:2 |     133 |       1 |   0.7 |      30 |       1 |   3.2
            +---------+---------+-------+---------+---------+-------
